 Dungeon Crawl Stone Soup version 0.32-a0-616-g9348d4545b (webtiles) character file.

Game seed: 17071313683094517330

51396 sasquatch the Carver (level 14, -4/113 HPs)
             Began as a Coglin Brigand on Mar 5, 2024.
             Was a High Priest of Okawaru.
             Slain by Donald
             ... wielding a +0 war axe
              (38 damage)
             ... on level 3 of the Lair of Beasts.
             The game lasted 00:47:37 (20283 turns).

sasquatch the Carver (Coglin Brigand)              Turns: 20283, Time: 00:47:37

Health: -4/113     AC: 11    Str: 12    XL:     14   Next: 59%
Magic:  16/20      EV: 21    Int: 12    God:    Okawaru [*****.]
Gold:   1132       SH:  0    Dex: 19    Spells: 13/13 levels left

rFire   + . .        Q - +1 rapier (venom) {Eadwine}
rCold   . . .        h - +1 long sword "Zoubin" {flame, rF+ rCorr}
rNeg    . . .        G - +1 leather armour {Will+}
rPois   .            p - +0 helmet
rElec   +            f - +1 cloak
rCorr   +            x - +0 pair of gloves
SInv    .            a - +1 pair of boots
Will    ++...        (amulet unavailable)
Stlth   +++++        (ring unavailable)
HPRegen 0.38/turn    (ring unavailable)
MPRegen 0.17/turn    g - neodymium cryosamoflange {Rampage Acrobat rElec Slay+3}

%: acrobat, rampage
@: heroic, finesse-ful, revving
A: off-hand wielding, slow wielding, warmup strikes, no jewellery
a: Renounce Religion, Heroism, Finesse, Duel


You were on level 3 of the Lair of Beasts.
You worshipped Okawaru.
Okawaru was extremely pleased with you.
You visited 4 branches of the dungeon, and saw 17 of its levels.

You collected 1132 gold pieces.

Inventory:

Hand Weapons
 h - the +1 long sword "Zoubin" (offhand) {flame, rF+ rCorr}
   (You found it on level 4 of the Dungeon)

   rF+:       It protects you from fire.
   rCorr:     It protects you from acid and corrosion.
 I - a +0 scimitar
 Q - a +1 rapier of venom (weapon) {Eadwine}
Missiles
 b - 2 silver javelins
 d - 17 poisoned darts (quivered)
 j - 28 boomerangs
 o - 7 javelins
 q - 9 atropa-tipped darts
 D - a dart of dispersal
Armour
 a - a +1 pair of boots (worn)
 f - a +1 cloak (worn)
 p - a +0 helmet (worn)
 x - a +0 pair of gloves (worn)
 G - a +1 leather armour of willpower (worn)
Gizmo
 g - a neodymium cryosamoflange (installed) {Rampage Acrobat rElec Slay+3}
   (You invented it yourself on level 4 of the Lair of Beasts)

   [neodymium cryosamoflange]

   Slay+3:    It affects your accuracy & damage with ranged weapons and melee
   (+3).
   rElec:     It insulates you from electricity.
   Rampage:   It bestows one free step when moving towards enemies.
   Acrobat:   It increases your evasion after moving or waiting.
Wands
 A - a wand of polymorph (12)
 E - a wand of flame (22)
 J - a wand of roots (7)
Scrolls
 k - a scroll of torment
 l - 4 scrolls of vulnerability
 m - 2 scrolls of blinking
 s - a scroll of enchant weapon
 t - a scroll of amnesia
 y - 4 scrolls of poison
 F - a scroll of immolation
 H - 5 scrolls of enchant armour
 O - 3 scrolls of teleportation
Potions
 c - 2 potions of might
 i - a potion of brilliance
 n - 3 potions of cancellation
 v - 2 potions of attraction
 w - 5 potions of curing
 z - a potion of ambrosia
 B - 3 potions of haste
 C - a potion of enlightenment
 K - a potion of magic
 L - a potion of mutation {unknown}
 M - 2 potions of lignification


   Skills:
 + Level 11.3(16.3) Fighting
 - Level 6.0(15.5) Short Blades
 + Level 14.6(20.1) Long Blades
 + Level 5.8(10.8) Throwing
 - Level 10.0(15.0) Dodging
 - Level 6.0(11.0) Stealth
 - Level 8.0 Invocations


You had 13 spell levels left.
You didn't know any spells.
Your spell library contained the following spells:

 Spells                   Type           Power      Damage    Failure   Level
 Lesser Beckoning         Tloc           0%         N/A       54%         2
 Static Discharge         Conj/Air       0%         3-3/arc   54%         2
 Gell's Gravitas          Tloc           0%         N/A       77%         3
 Inner Flame              Hex/Fire       0%         N/A       77%         3
 Teleport Other           Tloc           0%         N/A       77%         3
 Airstrike                Air            0%         2d(0-16)  99%         4
 Flame Wave               Conj/Fire      0%         2d4       99%         4
 Sticky Flame             Fire/Alch      0%         2d4       99%         4
 Vhi's Electric Charge    Tloc/Air       0%         N/A       99%         4
 Arcjolt                  Conj/Air       0%         1d10      100%        5
 Maxwell's Capacitive Co  Air            0%         ∞         100%        8
 Summon Lightning Spire   Summ/Air       Unusable   N/A       N/A         4

Dungeon Overview and Level Annotations

Branches:
Dungeon (10/15)            Temple (1/1) D:6            Lair (5/5) D:8
  Swamp (0/4) Lair:2       Spider (1/4) Lair:3        Slime (0/5) Lair:4
    Orc: D:9-12

Altars:
Ashenzari
Dithmenos
Elyvilon
Fedhas
Gozag
Hepliaklqana
Kikubaaqudgha
Nemelex Xobeh
Okawaru
Qazlal
Ru
Sif Muna
Uskayaw
Vehumet
Wu Jian
Xom
Yredelemnul
Zin
The Shining One
Jiyva

Annotations:
D:7 Maurice
D:8 3 runed translucent doors, snackwell's ghost, novice VSWn
D:9 1 exclusion
D:10 exclusion: door
Lair:2 exclusions: 2 death yaks and 2 more exclusions
Lair:3 Donald
Lair:5 exclusion: oklob plant
Spider:1 3 runed translucent doors, DiddlyDoom's ghost, journeyman MiBe; Nikola


Innate Abilities, Weirdness & Mutations

You can wield a second weapon in your off-hand.
It takes a long time for you to wield or remove held weapons.
Your first few attacks do less damage.
You cannot equip rings or amulets.


Message History

Unknown command.
Throw: dart (curare)
Press: ? - help, Shift-Dir - straight line, f/p - Donald
Aim: Donald, wielding a +0 war axe, wearing a +2 chain mail of positive energy and wearing a +0 kite shield (moderately wounded, fast, strong, very poisoned, 80% to hit)
You throw a curare-tipped dart.
Donald blocks the curare-tipped dart.
Unknown command.
You feel much better.
The redback is engulfed in a cloud of scalding steam.
Donald says, "Okawaru's gifts are murder."
Donald misses you.
Unknown command.
You completely miss Donald with your +1 rapier of venom.
Donald is moderately wounded.
You slash Donald with the +1 long sword "Zoubin"!
You burn Donald. Donald hits you with a +0 war axe!
Unknown command.
The redback attacks as it pursues you!
The redback bites you but does no damage.
Unknown command.
The redback closely misses you.
Unknown command.
You slash the redback with the +1 long sword "Zoubin"!
You burn the redback.
You kill the redback!
Okawaru accepts your kill.
Unknown command.
You hit Donald but do no damage.
Donald is heavily wounded.
Donald blocks your attack. Donald hits you with a +0 war axe!!
* * * LOW HITPOINT WARNING * * *
Unknown command.
You hit Donald with the +1 long sword "Zoubin".
You burn Donald.
Donald is heavily wounded.
You hit Donald with your +1 rapier of venom.
Donald looks as sick as possible!
Unknown command.
You feel much better. Donald hits you with a +0 war axe!!!
You die...
Donald says, "Well, maybe you weren't so bad after all."

##### ### #### ##.~.###.#####
#.[## ##...~~~.~~~..# ## #...#
#..#~.~~.~~.~.# .## #...###
##.#~~.~.~.~~.##
..######...#.######..~~~...~~~...
.≈.#..........#.#@P......>....~..
~..##...........@†..(~~~...~~~#.#
#...#...........##...~~.~.~.~~..#
##..##.......#.#.##..~.~~.~~.~#..
.##~.#.#..............~~~.~~~...)
..##.###...#..#.#......#~..P.....
...#..#...##.######...P##........
##.##.#...#### ##.......##.###P
.#..#.###.## #...###.###..###
.#÷.#.# #..## ##.###.####...#


You could see Donald (fast, strong, extremely poisoned).

Vanquished Creatures
  An eleionoma (Lair:2)
  A dire elephant (Lair:5)
  5 hydras
  A merfolk avatar (Lair:5)
  A catoblepas (Lair:2)
  A boulder beetle (Lair:4)
  6 death yaks (Lair:3)
  A harpy (Lair:5)
  2 manticores
  Joseph (Lair:1)
  7 black mambas
  19 elephants
  2 torpor snails (Lair:1)
  18 cane toads
  Jeremiah (D:8)
  8 rime drakes
  9 komodo dragons
  2 polar bears
  3 hornets (Lair:5)
  A wind drake (Lair:5)
  A dream sheep (Lair:4)
  3 snapping turtles (Lair:5)
  18 blink frogs
  A jumping spider (Lair:3)
  6 wyverns
  33 yaks
  A wraith (D:10)
  A culicivora (Spider:1)
  6 basilisks
  A steam dragon (D:9)
  4 redbacks (Lair:3)
  An acid dragon (D:9)
  20 water moccasins
  An ice beast (D:6)
  4 orc warriors
  2 sky beasts
  3 black bears
  2 ogres (D:5)
  17 wolves
  A phantom (D:7)
  2 centaurs
  A kobold brigand (D:9)
  17 bullfrogs
  Blork the orc (D:4)
  2 scorpions (D:6)
  4 wights
  15 killer bees
  5 howler monkeys
  5 electric eels (D:9)
  3 hounds
  A jelly (D:5)
  11 orc priests
  A bombardier beetle (D:6)
  Crazy Yiuf (D:2)
  A sleepcap (D:4)
  2 iguanas (D:6)
  15 orc wizards
  3 gnolls
  8 adders
  A river rat (D:5)
  A white imp (D:6)
  A ribbon worm (D:2)
  51 orcs
  4 endoplasms
  3 giant cockroaches
  9 goblins
  3 hobgoblins
  6 jackals (D:1)
  7 quokkas
  4 ball pythons
  8 bats
  A frilled lizard (D:1)
  12 kobolds
  4 rats
429 creatures vanquished.

Notes
Turn   | Place    | Note
-------+----------+-------------------------------------------
     0 | D:1      | sasquatch the Coglin Brigand began the quest for the Orb.
     0 | D:1      | Reached XP level 1. HP: 16/16 MP: 1/1
   125 | D:1      | Reached XP level 2. HP: 22/22 MP: 2/2
   399 | D:1      | Reached XP level 3. HP: 25/27 MP: 3/3
   485 | D:2      | Reached skill level 1 in Dodging
   769 | D:2      | Found a runed translucent door.
   770 | D:2      | Noticed Crazy Yiuf
   953 | D:2      | Killed Crazy Yiuf
   954 | D:2      | Reached XP level 4. HP: 17/33 MP: 4/4
  1358 | D:3      | Reached XP level 5. HP: 38/38 MP: 5/5
  1930 | D:4      | Noticed Blork the orc
  2033 | D:4      | Noticed a water moccasin
  2272 | D:3      | Reached XP level 6. HP: 6/44 MP: 6/6
  2277 | D:3      | Reached skill level 5 in Short Blades
  2439 | D:4      | Killed a water moccasin
  2679 | D:4      | Found a radiant altar of Vehumet.
  2690 | D:4      | Found a hide-covered altar of Uskayaw.
  2831 | D:4      | Killed Blork the orc
  2832 | D:4      | Reached XP level 7. HP: 44/50 MP: 7/7
  2907 | D:5      | Entered Level 5 of the Dungeon
  3041 | D:4      | Identified the +1 long sword "Zoubin" {flame, rF+ rCorr}
  3076 | D:4      | Found a hazy altar of Hepliaklqana.
  3174 | D:4      | Reached skill level 1 in Long Blades
  3276 | D:5      | Found a sparkling altar of Nemelex Xobeh.
  3378 | D:5      | Reached skill level 2 in Long Blades
  3808 | D:5      | Reached skill level 3 in Long Blades
  3808 | D:5      | Reached XP level 8. HP: 20/56 MP: 8/8
  4788 | D:6      | Found a staircase to the Ecumenical Temple.
  4836 | Temple   | Entered the Ecumenical Temple
  4840 | Temple   | Became a worshipper of Warmaster Okawaru
  4876 | D:6      | Reached skill level 5 in Dodging
  4906 | D:6      | Found a white marble altar of Elyvilon.
  4947 | D:6      | Reached skill level 4 in Long Blades
  5225 | D:6      | Found a shimmering blue altar of Sif Muna.
  5229 | D:6      | Reached * piety under Okawaru
  5235 | D:6      | Found a shadowy altar of Dithmenos.
  5240 | D:6      | Reached skill level 5 in Long Blades
  5325 | D:7      | Reached XP level 9. HP: 33/61 MP: 9/9
  5467 | D:7      | Found a flagged portal.
  5467 | D:7      | You fall into a shaft and drop 3 floors!
  5467 | D:10     | Entered Level 10 of the Dungeon
  5509 | D:10     | Reached skill level 6 in Long Blades
  5641 | D:9      | Reached ** piety under Okawaru
  5939 | D:8      | Noticed Jeremiah
  5942 | D:8      | Killed Jeremiah
  5958 | D:8      | Reached skill level 7 in Long Blades
  6253 | D:8      | Found a shimmering altar of Xom.
  6334 | D:8      | Found a staircase to the Lair.
  6349 | D:8      | Reached *** piety under Okawaru
  6350 | D:8      | Reached skill level 8 in Long Blades
  6480 | D:7      | Reached XP level 10. HP: 65/67 MP: 10/10
  6490 | D:7      | Noticed Maurice
  6612 | D:7      | Found an opulent altar of Gozag.
  6883 | D:8      | Noticed snackwell's ghost (novice VSWn)
  7051 | D:8      | Reached skill level 9 in Long Blades
  7058 | D:8      | Reached skill level 1 in Invocations
  7247 | D:8      | Reached **** piety under Okawaru
  7278 | D:8      | Found a runed translucent gate.
  7278 | D:8      | Noticed a centaur warrior
  7279 | D:8      | Found a runed translucent gate.
  7282 | D:8      | Found a runed translucent gate.
  7286 | D:8      | Noticed a deep elf pyromancer
  8210 | D:9      | Reached skill level 10 in Long Blades
  8745 | D:9      | Found a blossoming altar of Fedhas.
  9029 | D:9      | Reached ***** piety under Okawaru
  9181 | D:10     | Reached XP level 11. HP: 69/72 MP: 14/14
  9189 | D:10     | Reached skill level 5 in Invocations
  9215 | D:10     | Noticed a manticore
  9216 | D:10     | Killed a manticore
  9217 | D:10     | Reached skill level 11 in Long Blades
  9482 | Lair:1   | Entered Level 1 of the Lair of Beasts
  9528 | Lair:1   | Received a gift from Okawaru
  9921 | Lair:1   | Reached skill level 12 in Long Blades
 10082 | Lair:1   | Noticed Joseph
 10098 | Lair:1   | Killed Joseph
 10098 | Lair:1   | Received a gift from Okawaru
 10199 | Lair:1   | HP: 3/72 [elephant (8)]
 10201 | Lair:1   | Reached XP level 12. HP: 4/78 MP: 17/17
 10695 | D:8      | Reached skill level 13 in Long Blades
 12766 | Lair:2   | Noticed a death yak
 12954 | Lair:2   | Noticed a death yak
 12955 | Lair:2   | Noticed a death yak
 13016 | Lair:2   | Reached skill level 5 in Fighting
 13179 | Lair:2   | Noticed a catoblepas
 13290 | Lair:2   | Killed a catoblepas
 13349 | Lair:2   | Found a staircase to the Swamp.
 13361 | Lair:2   | Received a gift from Okawaru
 13366 | Lair:2   | Noticed an eleionoma
 13485 | Lair:3   | Reached XP level 13. HP: 89/93 MP: 19/19
 13501 | Lair:3   | Reached skill level 5 in Stealth
 13773 | Lair:2   | Killed an eleionoma
 14564 | Lair:3   | Reached skill level 10 in Dodging
 14586 | Lair:3   | Received a gift from Okawaru
 15297 | Lair:3   | Received a gift from Okawaru
 15654 | Lair:3   | Found a hole to the Spider Nest.
 15824 | Lair:3   | Identified the +7 shortbow "Gram" {elec, +Blink rC+ SInv}
 16375 | Lair:4   | Reached skill level 10 in Fighting
 16619 | Lair:4   | Found a viscous altar of Jiyva.
 16619 | Lair:4   | Found a staircase to the Slime Pits.
 16844 | Lair:4   | You fall into a shaft and drop 1 floor!
 16844 | Lair:5   | Entered Level 5 of the Lair of Beasts
 17231 | Lair:4   | Reached XP level 14. HP: 110/110 MP: 20/20
 17495 | Lair:4   | Acquired a neodymium cryosamoflange {Rampage Acrobat rElec
                  | Slay+3}
 17509 | Lair:5   | Received a gift from Okawaru
 17704 | Lair:5   | Reached skill level 14 in Long Blades
 18175 | Lair:5   | Paralysed by a hornet for 2 turns
 18186 | Lair:5   | Noticed a dire elephant
 18215 | Lair:5   | Killed a dire elephant
 18545 | Lair:5   | Reached ****** piety under Okawaru
 18546 | Lair:5   | Reached skill level 5 in Throwing
 19002 | Lair:5   | Received a gift from Okawaru
 20253 | Spider:1 | Entered Level 1 of the Spider Nest
 20253 | Spider:1 | Noticed Donald
 20253 | Spider:1 | Found a runed translucent gate.
 20253 | Spider:1 | Found a runed translucent gate.
 20253 | Spider:1 | Found a runed translucent gate.
 20256 | Spider:1 | Noticed DiddlyDoom's ghost (journeyman MiBe)
 20260 | Spider:1 | Noticed Nikola
 20281 | Lair:3   | HP: 5/113 [Donald/+0 war axe (33)]
 20283 | Lair:3   | Slain by Donald

Illustrated notes

Levels and vault maps discovered:
D:1:      psy_arrival_statuary, layout_basic, grunt_decor_mini_mirrors
D:2:      layout_rooms, uniq_crazy_yiuf_cottage
D:3:      layout_loops_ring, kennysheep_small_spiral
D:4:      layout_rooms, lemuel_coloured_pillars_altar,
          mainiacjoe_overflow_tiny_flanked, mainiacjoe_overflow_catwalk_spiral,
          minmay_statues_item, minmay_misc_feat_encased, uniq_blork_the_orc
D:5:      layout_loops_ring, nemelex_dance_club_becter, gup_sewer_entry_bowl
D:6:      layout_basic, mainiacjoe_overflow_paths, jmf_multi_god_temple2,
          minmay_temple_entry_enclosed_plants
D:7:      layout_rooms, old_standard_altar, enter_bailey_3, uniq_maurice
D:8:      layout_gridville, amcnicky_altar_gilded, erik_lair_orcish_takeover,
          special_room [special_room_orc], gammafunk_ghost_split,
          minmay_misc_feat_five, serial_library_hellmonk_open_square,
          uniq_jeremiah
D:9:      layout_basic, mainiacjoe_overflow_catwalk
D:10:     layout_cave_pools, lightli_temple_of_fire, bloody_trog, david_orc_4,
          minmay_evil_grid
Temple:   pf_slimified_temple
Lair:1:   layout_chaotic_city, st_stairs_9, grunt_megastairs_1, uniq_joseph
Lair:2:   layout_roguey, alex1729_swamp_entry_worm_eleionoma, grunt_megastairs_5
Lair:3:   layout_loops_ring, spider_nest_entry_a, nzn_random_ring
Lair:4:   layout_roguey, dpeg_slime_entry_enclosed, infiniplex_staircase_pool,
          lemuel_fruit_tree
Lair:5:   gammafunk_lair_ancient_temple, layout_regular_city, st_stairs_11
Spider:1: layout_spider_delve, gammafunk_ghost_cemetery, uniq_donald,
          uniq_asterion, uniq_nikola

Skill      XL: |  1  2  3  4  5  6  7  8  9 10 11 12 13 14 |
---------------+-------------------------------------------+-----
Short Blades   | 2 3 4 5 6 |  6.0
Dodging        | 1 2 3 4 6 8 9 10 | 10.0
Long Blades    | 3 5 8 10 12 13 14 | 14.6
Invocations    | 4 7 8 |  8.0
Fighting       | 5 10 11 | 11.3
Stealth        | 4 6 |  6.0
Throwing       | 3 5 |  5.8

Action                     |  1- 3 |  4- 6 |  7- 9 | 10-12 | 13-15 || total
---------------------------+-------+-------+-------+-------+-------++-------
  Melee: Dagger            |   152 |   158 |   214 |   689 |   606 ||  1819
         Hand axe          |       |    37 |     6 |       |       ||    43
         Long sword        |       |       |   227 |   733 |   665 ||  1625
         Rapier            |       |       |       |       |    11 ||    11
  Throw: Dart              |     1 |    13 |     3 |     1 |    48 ||    66
         Javelin           |       |       |       |       |     1 ||     1
 Invoke: Heroism           |       |       |       |    12 |     6 ||    18
         Finesse           |       |       |       |       |     3 ||     3
Ability: Invent Gizmo      |       |       |       |       |     1 ||     1
  Evoke: Wand              |       |       |       |    14 |     4 ||    18
    Use: Scroll            |       |     6 |    10 |     2 |     7 ||    25
         Potion            |       |     2 |     1 |     1 |     4 ||     8
   Stab: Sleeping          |     9 |     2 |     7 |     7 |     5 ||    30
         Distracted        |       |       |     1 |     1 |     4 ||     6
 Armour: Robe              |    26 |    13 |       |       |       ||    39
         Ring mail         |       |    87 |   126 |       |       ||   213
         Skin              |       |    11 |       |       |       ||    11
         Leather armour    |       |       |     5 |   435 |   302 ||   742
  Dodge: Dodged            |    45 |    67 |   135 |   532 |   359 ||  1138

Table legend: (Time is in decaauts)
 A = Elapsed time spent in this place.
 B = Non-inter-level travel time spent in this place.
 C = Inter-level travel time spent in this place.
 D = Time resting spent in this place.
 E = Time spent auto-exploring this place.
 F = Levels seen in this place.
 G = Mean time per level.
                   A        B        C        D        E       F      G
               +--------+--------+--------+--------+--------+-----+--------+
         Total |  19808 |  18599 |   1209 |   2861 |  11713 |  17 | 1165.2 |
       Dungeon |  10153 |   9429 |    724 |   1801 |   5458 |  10 | 1015.3 |
        Temple |      8 |      5 |      3 |      0 |      0 |   1 |    8.0 |
          Lair |   9637 |   9156 |    481 |   1060 |   6255 |   5 | 1927.4 |
   Spider Nest |      9 |      9 |      0 |      0 |      0 |   1 |    9.0 |
               +--------+--------+--------+--------+--------+-----+--------+

Top non-repeatable levels by time:
  Lair:5: 2533 daAuts
  Lair:1: 2374 daAuts
     D:8: 2074 daAuts
  Lair:3: 1995 daAuts
     D:9: 1703 daAuts
  Lair:4: 1393 daAuts
     D:3: 1345 daAuts
  Lair:2: 1339 daAuts
     D:5: 1312 daAuts
     D:4: 938 daAuts
     D:7: 724 daAuts
     D:6: 661 daAuts
     D:2: 588 daAuts
     D:1: 443 daAuts
    D:10: 361 daAuts
